 Dungeon Crawl Stone Soup version 0.21-a0-140-g479285b (webtiles) character file.

137 Leszczynek the Shooter (level 5, -1/29 HPs)
             Began as a Deep Elf Hunter on July 19, 2017.
             Slain by a gnoll sergeant
             ... wielding a +0 spear
              (6 damage)
             ... on level 3 of the Dungeon.
             The game lasted 00:09:45 (1502 turns).

Leszczynek the Shooter (Deep Elf Hunter)            Turns: 1502, Time: 00:09:46

Health: -1/29      AC:  6    Str:  9 (10) XL:     5   Next: 0%
Magic:  7/7        EV: 11    Int: 14 (16) God:
Gold:   70         SH:  0    Dex: 15      Spells: 4/4 levels left

rFire    . . .     SeeInvis .   a - +2 shortbow
rCold    . . .     Gourm    .   (shield currently unavailable)
rNeg     . . .     Faith    .   h - +0 ring mail
rPois    .         Spirit   .   (no helmet)
rElec    .         Reflect  .   (no cloak)
rCorr    .         Harm     .   (no gloves)
MR       .....                  r - +0 pair of boots
Stlth    +.........             (no amulet)
HPRegen  0.09/turn              (no ring)
MPRegen  0.10/turn              (no ring)

@: very slightly contaminated, invisible
A: mutation resistance 1
a: no special abilities


You were on level 3 of the Dungeon.
You were not hungry.

You visited 1 branch of the dungeon, and saw 4 of its levels.

You collected 70 gold pieces.

Inventory:

Hand Weapons
 a - a +2 shortbow (weapon)
 b - a +0 short sword
Missiles
 f - 16 arrows (quivered)
 l - 4 curare-tipped needles
Armour
 h - a +0 ring mail (worn)
 r - a +0 pair of boots (worn)
Scrolls
 c - a scroll of identify {@r1}
 e - a scroll of teleportation
 j - a scroll of magic mapping {unknown}
 k - 2 scrolls of remove curse {unknown}
 m - a scroll of amnesia {unknown}
Potions
 g - a potion of berserk rage {!q}
 i - 2 potions of mutation {!q}
Comestibles
 d - 3 bread rations
 n - a meat ration
 p - a royal jelly
 q - 6 chunks of flesh


   Skills:
 - Level 1.5 Fighting
 + Level 6.9 Bows
 - Level 2.4 Dodging
 - Level 1.2 Stealth


You had 4 spell levels left.
You didn't know any spells.

Dungeon Overview and Level Annotations

Branches:
Dungeon (4/15)
 Temple: D:4-7

Altars:


Innate Abilities, Weirdness & Mutations

You are somewhat resistant to further mutation.


Message History

The arrow barely misses the gnoll sergeant.
The arrow hits the orc.
The orc is severely wounded.
The gnoll sergeant hits you from afar with a spear.
Firing (i - inventory):
f - 18 arrows (quivered)
Press: ? - help, Shift-Dir - straight line, f/p - gnoll sergeant
Aim: a gnoll sergeant, wielding a spear, wearing a ring mail and wearing a buckler (almost dead)
You shoot an arrow. The arrow hits the gnoll sergeant.
The gnoll sergeant is almost dead.
The gnoll sergeant hits you from afar with a spear.
* * * LOW HITPOINT WARNING * * *
Firing (i - inventory):
f - 17 arrows (quivered)
Press: ? - help, Shift-Dir - straight line, f/p - gnoll sergeant
Aim: a gnoll sergeant, wielding a spear, wearing a ring mail and wearing a buckler (almost dead)
You shoot an arrow.
The arrow barely misses the gnoll sergeant.
The arrow closely misses the orc.
The arrow hits the gnoll.
The gnoll is lightly wounded.
The gnoll sergeant hits you from afar with a spear.
You die...

.# #..
gg .#
#(#..
.#
##(#.
.g(
#g#
#o#
#g#
#.#
#@#
#...#
.####
#####
......
######


You could see a gnoll sergeant, 2 gnolls and an orc.

Vanquished Creatures
  A hound (D:4)
  An iguana (D:3)
  An adder (D:3)
  A gnoll (D:3)
  An ooze (D:4)
  4 dart slugs
  3 leopard geckos (D:1)
  2 orcs
  5 giant cockroaches
  A goblin (D:1)
  5 hobgoblins
  5 jackals
  A quokka (D:3)
  5 bats
  A frilled lizard (D:1)
  3 kobolds
  3 rats
43 creatures vanquished.

Notes
Turn   | Place    | Note
-------+----------+-------------------------------------------
     0 | D:1      | Leszczynek the Deep Elf Hunter began the quest for the Orb.
     0 | D:1      | Reached XP level 1. HP: 12/12 MP: 3/3
    87 | D:1      | Reached XP level 2. HP: 5/16 MP: 4/4
   206 | D:1      | Reached skill level 5 in Bows
   492 | D:1      | HP: 3/16 [hobgoblin/club (2)]
   529 | D:1      | Reached XP level 3. HP: 6/20 MP: 5/5
  1110 | D:4      | Gained mutation: You are somewhat resistant to further mutation. [potion of mutation]
  1114 | D:4      | Reached skill level 6 in Bows
  1114 | D:4      | Reached XP level 4. HP: 8/25 MP: 6/6
  1234 | D:3      | HP: 5/25 [iguana (9)]
  1480 | D:3      | Reached XP level 5. HP: 23/29 MP: 7/7
  1501 | D:3      | HP: 5/29 [gnoll sergeant/spear (4)]
  1502 | D:3      | Slain by a gnoll sergeant

Vault maps used:
D:1:      dpeg_arrival_boxes_within_box, minmay_pentomino_x4
D:3:      minmay_curled_crystal, kennysheep_pointless_box
D:4:      elyvilon_altar_5, first_bread, glass_columns_a

Skill      XL: |  1  2  3 |
---------------+----------+-----
Bows           | 5 6 |  6.9
Fighting       | |  1.5
Dodging        | |  2.4
Stealth        | |  1.2

Action                   |  1- 3 |  4- 6 || total
-------------------------+-------+-------++-------
Melee: Short sword       |    80 |    23 ||   103
 Fire: Shortbow          |    63 |    33 ||    96
  Use: Potion            |     4 |     1 ||     5
       Scroll            |       |     4 ||     4
  Eat: Chunk             |     1 |     1 ||     2
Armor: Leather armour    |     1 |       ||     1
       Ring mail         |    47 |     9 ||    56
Dodge: Dodged            |    69 |    12 ||    81
